 Dungeon Crawl Stone Soup version 0.28.0-53-g5a82cb258f (webtiles) character file.

Game seed: 10448389510353888972

12 Descartes the Insei (level 2, 0/18 HPs)
             Began as an Octopode Transmuter on June 22, 2022.
             Constricted to death by a ball python (1 damage)
             ... on level 1 of the Dungeon.
             The game lasted 00:00:47 (273 turns).

Descartes the Insei (Octopode Transmuter)            Turns: 273, Time: 00:00:48

Health: 0/18       AC:  1    Str:  9    XL:     2   Next: 33%
Magic:  5/5        EV: 10    Int: 15    God:
Gold:   25         SH:  0    Dex: 12    Spells: 4/5 levels left

rFire   . . .      SeeInvis .     - Unarmed
rCold   . . .      Faith    .   (no shield)
rNeg    . . .      Spirit   .   (helmet restricted)
rPois   .          Reflect  .   (no amulet)
rElec   .          Harm     .   (no ring)
rCorr   .          Rampage  .   (no ring)
Will    .....                   (no ring)
Stlth   +++.......              (no ring)
HPRegen 0.06/turn               (no ring)
MPRegen 0.09/turn               (no ring)
                                (no ring)
                                (no ring)

@: constricted
A: almost no armour, amphibious, 8 rings, camouflage 1, gelatinous body 1,
(nimble swimmer 1), tentacles
a: no special abilities


You were on level 1 of the Dungeon.
You visited 1 branch of the dungeon, and saw 1 of its levels.

You collected 25 gold pieces.

Inventory:

Scrolls
 a - a scroll of identify {unknown}


   Skills:
 - Level 1.0 Fighting
 + Level 2.2 Dodging
 + Level 1.3 Stealth
 + Level 3.1 Unarmed Combat
 - Level 2.0 Spellcasting
 + Level 2.2 Transmutations


You had 4 spell levels left.
You knew the following spells:

 Your Spells              Type           Power      Damage    Failure   Level
a - Beastly Appendage     Tmut           16%        N/A       9%          1

Your spell library contained the following spells:

 Spells                   Type           Power      Damage    Failure   Level
 Wereblood                Tmut           8%         N/A       14%         2
 Spider Form              Tmut/Pois      4%         N/A       38%         3
 Ice Form                 Ice/Tmut       4%         N/A       80%         4


Dungeon Overview and Level Annotations

Branches:
Dungeon (1/15)

Altars:


Innate Abilities, Weirdness & Mutations

You cannot wear most types of armour.
You are amphibious.
You can wear up to eight rings at the same time.
Your skin changes colour to match your surroundings (Stealth+).
Your rubbery body absorbs attacks. (AC +1, EV +1)
((You are camouflaged when in or above water. (Stealth+)))
You have tentacles for arms and can constrict up to eight enemies at once.


Message History

A goblin is nearby!
You are too injured to fight recklessly!
You are too injured to fight recklessly!
You are too injured to fight recklessly!
Your transformation is almost over.
A kobold comes into view. It is wielding a +0 dagger.
The kobold throws a stone.
The stone closely misses you. The goblin closely misses you.
A ball python comes into view.
The ball python hisses angrily.
A ball python comes into view.
A goblin comes into view. It is wielding a +0 dagger.
The goblin hits you with a +0 dagger.
The kobold throws a stone.
The stone hits you but does no damage. The goblin barely misses you.
You closely miss the goblin.
The ball python hisses angrily.
Your grab misses the goblin.
Your tentacle spike misses the goblin.
The kobold throws a stone.
The stone barely misses you. The goblin hits you with a +0 dagger.
* * * LOW HITPOINT WARNING * * *
You closely miss the goblin. You grab the goblin. You constrict the goblin.
The kobold throws a stone.
The stone misses you. The goblin closely misses you.
You barely miss the goblin.
You pierce the goblin.
Your squeeze misses the goblin.
The goblin is severely wounded.
You constrict the goblin.
You kill the goblin!
The ball python misses you. The ball python barely misses you.
Unknown command.
The kobold throws a stone.
The stone misses you.
Things that are here:
a +0 dagger; a goblin corpse The ball python bites you.
* * * LOW HITPOINT WARNING * * *
The ball python closely misses you.
Your tentacle spike disappears.
The ball python completely misses you. The ball python grabs you.
The ball python constricts you.
You die...

...##...## ####.....+....+..
..............#.....#....###
..............#.............
..............#........#..##
.......................#....
...........................#.
...#..........#.......######..
..............#.......+.......
.............@#.......######..
............S....>.....#......
........#.S....†#...........#
.###.....#K......+.......###.#
........)g.....###....[....#.#
.........................#.#.#
.................†.......#.#.#
...................#.#...#.#..
.................#.###.....###


You could see a goblin, 2 ball pythons and a kobold.

Vanquished Creatures
  A dart slug (D:1)
  An endoplasm (D:1)
  2 goblins (D:1)
  2 hobgoblins (D:1)
  A kobold (D:1)
  A ball python (D:1)
  A frilled lizard (D:1)
  A rat (D:1)
10 creatures vanquished.

Notes
Turn   | Place    | Note
-------+----------+-------------------------------------------
     0 | D:1      | Descartes the Octopode Transmuter began the quest for the
                  | Orb.
     0 | D:1      | Reached XP level 1. HP: 13/13 MP: 3/3
   165 | D:1      | Reached skill level 1 in Stealth
   171 | D:1      | Reached XP level 2. HP: 13/18 MP: 5/5
   273 | D:1      | Constricted to death by a ball python

Illustrated notes

Levels and vault maps discovered:
D:1:      dpeg_arrival_tiny_a, layout_basic

Skill      XL: |  1 |
---------------+----+-----
Stealth        | 1 |  1.3
Fighting       | |  1.0
Dodging        | |  2.2
Unarmed Combat | |  3.1
Spellcasting   | |  2.0
Transmutations | |  2.2

Action                   || total
-------------------------++-------
Melee: Unarmed           ||    18
       Constrict         ||     5
       Kick              ||     4
       Tentacles         ||     3
       Punch             ||     1
 Cast: Beastly Appendage ||     5
 Stab: Sleeping          ||     2
Armor: Skin              ||     1
Dodge: Dodged            ||    14
